 Dungeon Crawl Stone Soup version 0.26-a0-1184-g95e395e029 (webtiles) character file.

Game seed: 7073936083234468408

426874 Marmelada14 the Metallomancer (level 23, -7/151 HPs)
             Began as a Deep Elf Earth Elementalist on Dec 27, 2020.
             Was the Champion of Vehumet.
             Killed from afar by a quicksilver dragon (18 damage)
             ... with a bolt of dispelling energy
             ... on level 5 of the Vaults.
             The game lasted 02:14:50 (66146 turns).

Marmelada14 the Metallomancer (DEEE)               Turns: 66146, Time: 02:14:51

Health: -7/151     AC: 19    Str: 22    XL:     23   Next: 3%
Magic:  60/60      EV: 16    Int: 35    God:    Vehumet [******]
Gold:   2908       SH: 14    Dex: 10    Spells: 12/67 levels left

rFire    + . .     SeeInvis +   a - +9 trident "Xirel" {holy, MP+9 Str+9}
rCold    + . .     Faith    .   S - +0 kite shield
rNeg     . . .     Spirit   .   A - +5 ring mail {rC+}
rPois    .         Reflect  .   q - +2 helmet {SInv}
rElec    .         Harm     .   j - scarf {rC+ rF+}
rCorr    .         Rampage  .   M - +2 pair of gloves
Will     +++..                  L - +0 pair of boots
Stlth    +.........             U - amulet of Vitality {Regen+ HP+15}
HPRegen  0.75/turn              Z - ring "Wutock" {+Fly rC- Will+ Str+8 Dex-5}
MPRegen  0.37/turn              V - ring of Midwinter {Wiz Int+4}

@: brilliant
A: no striking features
}: 1/15 runes: serpentine
a: Renounce Religion, Evoke Flight


You were on level 5 of the Vaults.
You worshipped Vehumet.
Vehumet was exalted by your worship.
You visited 7 branches of the dungeon, and saw 36 of its levels.
You visited the Abyss 1 time.
You also visited: Sewer, Bailey, Ice Cave and Wizlab.

You collected 5126 gold pieces.
You spent 2218 gold pieces at shops.

Inventory:

Hand Weapons
 a - the +9 trident "Xirel" (weapon) {holy, MP+9 Str+9}
   (You found it on level 5 of the Dungeon)

   It has been blessed by the Shining One to cause great damage to the undead
   and demons.
   It affects your strength (+9).
   It affects your magic capacity (+9).
Missiles
 K - 4 throwing nets (quivered)
Armour
 j - a scarf of resistance (worn)
 q - a +2 helmet of see invisible (worn)
 A - a +5 ring mail of cold resistance (worn)
 L - a +0 pair of boots (worn)
 M - a +2 pair of gloves (worn)
 S - a +0 kite shield (worn)
Jewellery
 n - the cursed ring "Irain" {*Corrode Str+8 Int+3 Slay-4}
   (You found it on level 4 of the Vaults)

   [ring of slaying]

   It affects your strength (+8).
   It affects your intelligence (+3).
   It affects your accuracy and damage with ranged weapons and melee attacks
   (-4).
   It may corrode you when you take damage.
   It has a curse placed upon it.
 D - the ring of Apnuuc {rC+ rN+}
   (You found it in a wizard's laboratory)

   [ring of positive energy]

   It protects you from cold.
   It protects you from negative energy.
 U - the amulet of Vitality (around neck) {Regen+ HP+15}
   (You found it on level 3 of the Lair of Beasts)

   [amulet of regeneration]

   It affects your health (+15).
   It increases your rate of regeneration.
 V - the ring of Midwinter (right hand) {Wiz Int+4}
   (You bought it in a shop on level 1 of the Elven Halls)

   [ring of wizardry]

   It improves your spell success rate.
   It affects your intelligence (+4).
 Y - an uncursed ring of positive energy
 Z - the ring "Wutock" (left hand) {+Fly rC- Will+ Str+8 Dex-5}
   (You bought it in a shop on level 4 of the Snake Pit)

   [ring of willpower]

   It affects your strength (+8).
   It affects your dexterity (-5).
   It makes you vulnerable to cold.
   It affects your willpower, your defense against some magical effects.
   It lets you fly.
Wands
 e - a wand of iceblast (6)
 t - a wand of digging (19)
 u - a wand of acid (50)
 I - a wand of paralysis (16)
Scrolls
 b - a scroll of amnesia
 d - 2 scrolls of summoning
 f - 10 scrolls of remove curse
 h - 2 scrolls of holy word
 i - 17 scrolls of teleportation
 m - 4 scrolls of fog
 o - 3 scrolls of acquirement
 y - a scroll of blinking
 F - a scroll of brand weapon
 H - 4 scrolls of fear
 J - 12 scrolls of identify
 N - 7 scrolls of enchant weapon
 Q - 6 scrolls of enchant armour
 T - 2 scrolls of immolation
 X - 6 scrolls of magic mapping
Potions
 c - 2 potions of might
 g - 8 potions of heal wounds
 k - 4 potions of brilliance
 l - 10 potions of haste
 p - 2 potions of mutation
 r - a potion of resistance
 s - a potion of ambrosia
 v - 5 potions of magic
 w - 5 potions of cancellation
 z - a potion of invisibility
 B - 14 potions of curing
 G - 3 potions of flight
Miscellaneous
 O - a condenser vane


   Skills:
 + Level 11.8 Fighting
 + Level 7.7 Armour
 - Level 12.0 Dodging
 - Level 2.4 Stealth
 - Level 15.0 Shields
 + Level 22.8 Spellcasting
 - Level 12.5 Conjurations
 - Level 2.5 Transmutations
 * Level 23.1 Earth Magic


You had 12 spell levels left.
You knew the following spells:

 Your Spells              Type           Power        Failure   Level
a - Lehudib's Crystal Sp  Conj/Erth      64%          1%          8
b - Iron Shot             Conj/Erth      64%          1%          6
c - Shatter               Erth           70%          1%          9
d - Borgnjor's Vile Clut  Necr/Erth      55%          1%          5
e - Spellforged Servitor  Conj/Summ      45%          8%          7
f - Orb of Destruction    Conj           56%          1%          7
g - Blink                 Tloc           N/A          1%          2
h - Passwall              Tmut/Erth      95%          0%          2
i - Stone Arrow           Conj/Erth      100%         0%          3
j - Lee's Rapid Deconstr  Erth           70%          0%          5
k - Sandblast             Erth           100%         0%          1

Your spell library contained the following spells:

 Spells                   Type           Power        Failure   Level
 Absolute Zero            Ice            28%          100%        9
 Magic Dart               Conj           100%         0%          1
 Searing Ray              Conj           100%         0%          2
 Animate Skeleton         Necr           100%         1%          1
 Corona                   Hex            62%          1%          1
 Foxfire                  Conj/Fire      100%         1%          1
 Freeze                   Ice            100%         1%          1
 Pain                     Necr           100%         1%          1
 Shock                    Conj/Air       100%         1%          1
 Sting                    Tmut/Pois      100%         1%          1
 Summon Small Mammal      Summ           100%         1%          1
 Call Imp                 Summ           56%          1%          2
 Corpse Rot               Necr/Air       N/A          1%          2
 Ensorcelled Hibernation  Hex/Ice        100%         1%          2
 Poisonous Vapours        Pois/Air       100%         1%          2
 Slow                     Hex            56%          1%          2
 Sublimation of Blood     Necr           28%          1%          2
 Swiftness                Air            56%          1%          2
 Call Canine Familiar     Summ           56%          1%          3
 Confusing Touch          Hex            56%          1%          3
 Conjure Flame            Conj/Fire      90%          1%          3
 Dazzling Flash           Conj/Hex       100%         1%          3
 Gell's Gravitas          Tloc           28%          1%          3
 Ignite Poison            Fire/Tmut/Pois 62%          1%          3
 Lesser Beckoning         Tloc           28%          1%          3
 Mephitic Cloud           Conj/Pois/Air  81%          1%          3
 Portal Projectile        Hex/Tloc       100%         1%          3
 Static Discharge         Conj/Air       90%          1%          3
 Tukima's Dance           Hex            56%          1%          3
 Vampiric Draining        Necr           28%          1%          3
 Airstrike                Air            28%          1%          4
 Fulminant Prism          Conj/Hex       45%          1%          4
 Iskenderun's Mystic Bla  Conj/Tloc      90%          1%          4
 Olgreb's Toxic Radiance  Pois           56%          1%          4
 Petrify                  Tmut/Erth      100%         1%          4
 Sticky Flame             Conj/Fire      90%          1%          4
 Bolt of Magma            Conj/Fire/Erth 55%          1%          5
 Fireball                 Conj/Fire      45%          1%          5
 Lightning Bolt           Conj/Air       45%          1%          5
 Starburst                Conj/Fire      45%          1%          6
 Ice Form                 Ice/Tmut       65%          2%          4
 Yara's Violent Unravell  Hex/Tmut       32%          2%          5
 Freezing Cloud           Conj/Ice/Air   40%          3%          6
 Animate Dead             Necr           28%          4%          4
 Dispel Undead            Necr           56%          4%          4
 Blade Hands              Tmut           36%          4%          5
 Agony                    Necr           56%          12%         5
 Excruciating Wounds      Necr           28%          12%         5
 Metabolic Englaciation   Hex/Ice        28%          12%         5
 Silence                  Hex/Air        28%          12%         5
 Summon Demon             Summ           28%          12%         5
 Summon Forest            Summ/Tloc      28%          12%         5
 Summon Mana Viper        Hex/Summ       56%          12%         5
 Ozocubu's Refrigeration  Ice            28%          16%         6
 Death Channel            Necr           28%          50%         6
 Shadow Creatures         Summ           N/A          50%         6
 Simulacrum               Ice/Necr       28%          50%         6
 Summon Hydra             Summ           28%          96%         7
 Ignition                 Fire           28%          99%         8
 Dragon's Call            Summ           28%          100%        9


Dungeon Overview and Level Annotations

Branches:
Dungeon (15/15)            Temple (1/1) D:6            Lair (6/6) D:9
 Shoals (0/4) Lair:2        Snake (4/4) Lair:2        Slime (0/5) Lair:5
    Orc (2/2) D:11            Elf (3/3) Orc:2        Vaults (5/5) D:14
  Crypt (0/3) Vaults:3     Depths (0/5) D:15          Sewer (visited)
 Bailey (visited)           IceCv (visited)          WizLab (visited)

Altars:
Ashenzari
Cheibriados
Dithmenos
Elyvilon
Fedhas
Gozag
Hepliaklqana
Kikubaaqudgha
Makhleb
Nemelex Xobeh
Okawaru
Qazlal
Ru
Sif Muna
Trog
Uskayaw
Vehumet
Wu Jian
Xom
Yredelemnul
Zin
The Shining One
Beogh

Shops:
D:5 }   D:14 :   Orc:2 :[:!   Elf:1 =}=   Snake:3 !   Snake:4 =   Vaults:1 :
Vaults:4 (

Annotations:
D:11 exclusion: downstairs
D:14 2 runed translucent doors, Totusom's ghost, journeyman MiFi
Lair:5 exclusion: oklob plant
Snake:1 2 transporters, Nimiczen's ghost, adept TrAK
Snake:3 exclusion: upstairs
Elf:2 5 runed translucent doors
Vaults:4 2 transporters


Message History

Casting: Shatter (dangerous; 1% risk of failure)
Confirm with . or Enter, or press ? or * to list all spells.
You feel a surge of power!
The dungeon rumbles!
You kill the sphinx!
Vehumet accepts your kill.
You feel your power returning.
The tengu reaver is severely wounded.
The titan is almost dead.
The storm dragon is moderately wounded.
The titan is heavily wounded.
The deep elf knight is heavily wounded.
You hear an angry hiss.
You hear a shout! x3
An orc knight comes into view. It is wielding a +0 dire flail.
The tengu reaver points at you and mumbles some strange words.
The fireball explodes!
The fireball engulfs you!! You resist.
* * * LOW HITPOINT WARNING * * *
The quicksilver dragon breathes dispelling energy at you.
The bolt of dispelling energy hits you!!
Your magical effects are unravelling.
You die...

)○e....).....).
)..C...........
.)....).)......
......)).......
....Q.).)......
...).)<<)......
...).<..<).)...
...).)<@)).....
.......).).....
.....))).....).
.......)..)....
...........)...
..D..).D.......
)..).........).
C.))).)o...)..)


You could see 2 titans, a storm dragon, a quicksilver dragon (catching breath),
a tengu reaver, an orc knight and a deep elf knight.

Vanquished Creatures
  Nikola (Vaults:2)
  A Hellbinder (WizLab)
  Jorgrun (D:12)
  A deep elf blademaster (Elf:3)
  A quicksilver dragon (shapeshifter) (D:15)
  Asterion (Elf:2)
  4 titans
  3 sphinxes (Vaults:5)
  2 deep elf master archers (Elf:3)
  Frances (D:13)
  Kirke (Snake:4)
  3 tengu reavers
  3 shadow dragons
  7 nagarajas (Snake:4)
  2 storm dragons
  Roxanne (Snake:1)
  A storm dragon (shapeshifter) (Vaults:3)
  6 deep elf sorcerers
  An iron dragon (Vaults:5)
  4 fire giants
  13 vault wardens
  Aizul (Snake:2)
  An orc warlord (Orc:1)
  6 frost giants
  2 cacodemons (WizLab)
  5 deep elf elementalists (Elf:3)
  2 very ugly things
  12 ironheart preservers
  5 stone giants
  Nessos (Lair:6)
  A blood saint (WizLab)
  4 deep elf demonologists
  A dire elephant (Lair:2)
  5 deep elf annihilators (Elf:3)
  An entropy weaver (Vaults:2)
  Snorg (Lair:6)
  An ettin (Vaults:4)
  A blizzard demon (WizLab)
  7 deep elf death magi
  4 fire dragons
  7 deep elf high priests
  Josephine (Snake:1)
  A rakshasa (Vaults:3)
  12 yaktaur captains
  7 boulder beetles
  3 ice dragons
  Harold (D:9)
  15 naga warriors
  28 vault guards
  2 hell beasts (WizLab)
  The ghost of Verendum the Grappler, a novice TrMo of Qazlal (D:10)
  5 anacondas
  5 hydras
  A catoblepas (Lair:6)
  An anaconda (shapeshifter) (Elf:3)
  13 centaur warriors
  15 dancing weapons
  3 death knights
  11 ogre magi
  The ghost of Red As Leokk the Grappler, a novice TrTm of Ru (D:10)
  4 tengu warriors (D:15)
  4 death yaks (Lair:6)
  31 two-headed ogres
  An orc high priest (Elf:3)
  5 shock serpents
  3 deep troll earth magi (Vaults:4)
  16 naga sharpshooters
  Nergalle (Orc:1)
  2 sun demons (WizLab)
  2 soul eaters (WizLab)
  The ghost of ThreePointFourteen the Cleaver, a novice DDFi of Elyvilon (D:10)
  3 skeletal warriors (D:12)
  19 deep elf knights
  4 unseen horrors
  2 salamander mystics
  A storm dragon skeleton (Vaults:3)
  7 sea snakes
  A shadow wraith (Vaults:2)
  A sixfirhy (WizLab)
  6 wizards
  7 naga ritualists
  12 ironbrand convokers
  5 deep trolls
  3 glowing orange brains
  13 deep elf archers
  3 lindwurms (Lair:6)
  17 orc knights
  A harpy (shapeshifter) (Vaults:2)
  3 necromancers
  8 orc sorcerers
  19 ugly things
  3 harpies
  An oklob plant (Snake:3)
  4 wolf spiders
  A stone giant zombie (Vaults:3)
  2 manticores (shapeshifter)
  54 deep elf magi
  7 mana vipers
  6 cyclopes
  A merfolk siren (Lair:2)
  4 manticores
  Maurice (D:13)
  14 salamanders
  The ghost of Mesmaeker13 the Bolt Thrower, a novice DDHu (D:5)
  12 vault sentinels
  16 naga magi
  29 elephants
  3 gargoyles
  2 guardian serpents
  3 rust devils (WizLab)
  30 black mambas
  The ghost of MoonlitKnight the Chiller, a novice DEIE (D:7)
  A smoke demon (WizLab)
  2 ice statues
  2 torpor snails (Lair:6)
  Maggie (D:7)
  A cane toad (shapeshifter) (Vaults:1)
  18 cane toads
  2 human zombies (Vaults:3)
  3 orange demons (WizLab)
  4 hellions (WizLab)
  8 komodo dragons
  A kobold demonologist (D:13)
  A tormentor (WizLab)
  6 centaur skeletons
  A rime drake (shapeshifter) (D:12)
  3 ice devils
  22 yaktaurs
  7 freezing wraiths
  6 rime drakes
  2 hellwings (WizLab)
  A tengu conjurer (D:15)
  The ghost of Tungsten the Sneak, an amateur NaWn of Uskayaw (D:4)
  3 red devils (WizLab)
  3 merfolk (Lair:2)
  12 trolls
  A merfolk (shapeshifter) (Elf:2)
  22 polar bears
  2 hornets
  A harpy skeleton (D:15)
  17 slime creatures
  A dream sheep (shapeshifter) (Vaults:5)
  A meliai zombie (D:15)
  15 blink frogs
  7 dream sheep
  83 yaks
  9 water elementals
  A spriggan (Lair:2)
  4 air elementals
  A shadow (D:11)
  A vampire (D:14)
  8 wyverns
  A ynoxinul (WizLab)
  A human (shapeshifter) (Vaults:3)
  A human (Snake:4)
  2 yaks (shapeshifter)
  9 wraiths
  5 fire bats (Lair:5)
  A hog (shapeshifter) (Vaults:4)
  3 fire elementals
  4 basilisks
  A hog (Snake:4)
  A chaos spawn (WizLab)
  4 vampire mosquitoes (D:15)
  63 nagas
  5 acid dragons
  A soldier ant (D:15)
  A soldier ant (shapeshifter) (Vaults:1)
  Menkaure (D:5)
  3 wargs
  17 water moccasins
  2 floating eyes (shapeshifter)
  53 orc warriors
  8 ice beasts
  An ice beast (shapeshifter) (Elf:2)
  5 sky beasts
  A hornet zombie (D:15)
  An eye of draining (D:14)
  3 black bears
  4 phantoms
  5 boggarts (Vaults:2)
  29 ogres
  15 centaurs
  An ogre (shapeshifter) (Vaults:4)
  28 wolves
  8 big kobolds
  23 bullfrogs
  A deep troll simulacrum (Vaults:3)
  5 earth elementals
  4 scorpions
  An elf simulacrum (Vaults:2)
  7 killer bees
  2 human simulacra
  A howler monkey (D:12)
  14 wights
  4 electric eels
  3 centaur zombies
  4 bullfrog zombies
  8 jellies
  27 orc priests
  9 hounds
  37 orc wizards
  A quasit (D:10)
  4 bullfrog skeletons
  6 iguanas
  11 worker ants
  A worker ant zombie (D:5)
  A killer bee simulacrum (D:5)
  6 gnolls
  13 adders
  A hound simulacrum (D:5)
  A shadow imp (D:9)
  6 white imps
  2 ufetubi
  5 oozes
  2 adder zombies
  11 worms
  An adder simulacrum (D:5)
  6 leopard geckos
  127 orcs
  9 giant cockroaches
  10 goblins
  6 hobgoblins
  16 jackals
  25 kobolds
  2 quokkas
  3 ball pythons
  4 bats
  8 frilled lizards
  A jackal simulacrum (D:5)
  A jackal skeleton (D:8)
  A quokka skeleton (D:8)
  2 quokka zombies
  6 rats
  4 crawling corpses (Elf:3)
1678 creatures vanquished.

Vanquished Creatures (collateral kills)
  Frederick (Vaults:4)
  A shadow dragon (Vaults:4)
  A deep elf mage (Vaults:4)
  An elephant (Lair:2)
  A yak (shapeshifter) (Vaults:4)
  An orc warrior (Bailey)
  A gnoll (D:9)
  An orc (Bailey)
8 creatures vanquished.

Vanquished Creatures (others)
  An orc knight (Bailey)
  3 polar bears (IceCv)
  5 dream sheep (D:6)
  4 humans (Snake:4)
  An orc warrior (Bailey)
  A wolf (IceCv)
  An orc wizard (Orc:2)
  An orc (Vaults:5)
  122 fungi
  171 plants
310 creatures vanquished.

Grand Total: 1996 creatures vanquished

Notes
Turn   | Place    | Note
-------+----------+-------------------------------------------
     0 | D:1      | Marmelada14 the Deep Elf Earth Elementalist began the quest
                  | for the Orb.
     0 | D:1      | Reached XP level 1. HP: 10/10 MP: 6/6
   242 | D:1      | Reached XP level 2. HP: 15/15 MP: 2/8
   869 | D:1      | Reached XP level 3. HP: 19/19 MP: 8/10
  1376 | D:2      | Learned a level 2 spell: Passwall
  1467 | D:2      | Reached skill level 4 in Earth Magic
  1529 | D:2      | Reached XP level 4. HP: 24/24 MP: 6/12
  1539 | D:2      | Learned a level 3 spell: Stone Arrow
  1604 | D:2      | Found a shadowy altar of Dithmenos.
  1604 | D:2      | Found a radiant altar of Vehumet.
  1650 | D:2      | Became a worshipper of Vehumet
  1934 | D:3      | Reached skill level 1 in Conjurations
  2060 | D:3      | Reached XP level 5. HP: 28/28 MP: 10/14
  3623 | D:4      | Reached skill level 5 in Spellcasting
  3756 | D:4      | Found a basalt altar of Yredelemnul.
  3756 | D:4      | Found an ornate altar of the Wu Jian Council.
  3771 | D:4      | Found a transporter.
  3795 | D:4      | Noticed an ogre
  3795 | D:4      | Noticed Tungsten's ghost (amateur NaWn)
  3797 | D:4      | Noticed an ogre
  3802 | D:4      | Found a transporter.
  3828 | D:4      | Noticed a yak
  3828 | D:4      | Noticed a yak
  3952 | D:4      | Noticed a sky beast
  3983 | D:4      | Killed a sky beast
  3983 | D:4      | Reached * piety under Vehumet
  3983 | D:4      | Offered knowledge of Foxfire by Vehumet.
  3984 | D:4      | Reached skill level 5 in Earth Magic
  3984 | D:4      | Reached XP level 6. HP: 22/32 MP: 7/15
  4834 | D:4      | Learned a level 4 spell: Petrify
  4840 | D:4      | Learned a level 5 spell: Lee's Rapid Deconstruction
  4933 | D:5      | Entered Level 5 of the Dungeon
  4961 | D:5      | Noticed an ice beast
  4977 | D:5      | Noticed Mesmaeker13's ghost (novice DDHu)
  4977 | D:5      | Noticed an ice beast
  4999 | D:5      | Found a runed translucent gate.
  4999 | D:5      | Found a runed translucent gate.
  4999 | D:5      | Found a runed translucent gate.
  5109 | D:5      | Noticed Menkaure
  5112 | D:5      | Got a dazzling trident
  5113 | D:5      | Identified the +9 trident "Xirel" {holy, MP+9 Str+9} (You
                  | found it on level 5 of the Dungeon)
  5167 | D:5      | Killed Menkaure
  5168 | D:5      | Reached XP level 7. HP: 36/36 MP: 17/17
  5229 | D:5      | Reached skill level 5 in Conjurations
  5569 | D:5      | Found a shimmering blue altar of Sif Muna.
  5954 | D:5      | Reached skill level 6 in Earth Magic
  6109 | D:6      | Reached XP level 8. HP: 34/41 MP: 20/20
  6249 | D:6      | Found a glowing drain.
  6261 | D:6      | Reached ** piety under Vehumet
  6261 | D:6      | Offered knowledge of Freeze by Vehumet.
  6266 | Sewer    | Entered a sewer
  6985 | Sewer    | Reached skill level 7 in Earth Magic
  7473 | D:6      | Learned a level 2 spell: Blink
  7612 | D:6      | Reached XP level 9. HP: 45/45 MP: 20/23
  7633 | D:6      | Found a staircase to the Ecumenical Temple.
  7694 | Temple   | Entered the Ecumenical Temple
  7881 | D:6      | Reached skill level 8 in Earth Magic
  7920 | D:6      | Found a shimmering altar of Xom.
  7924 | D:6      | Offered knowledge of Inner Flame by Vehumet.
  8094 | D:6      | Found a bloodstained altar of Trog.
  8285 | D:6      | Found a shimmering blue altar of Sif Muna.
  8288 | D:6      | Identified Sif Muna's Tome of Supportive Cold
  8673 | D:7      | Found a hide-covered altar of Uskayaw.
  8674 | D:7      | Noticed a +0 hand axe
  8675 | D:7      | Noticed a +0 hand axe
  8717 | D:7      | Found a broken altar of Ashenzari.
  8717 | D:7      | Found a white marble altar of Elyvilon.
  8754 | D:7      | Found a runed translucent gate.
  8754 | D:7      | Found a runed translucent gate.
  8754 | D:7      | Found a runed translucent gate.
  8754 | D:7      | Noticed MoonlitKnight's ghost (novice DEIE)
  9086 | D:7      | Noticed Maggie
  9091 | D:7      | Killed Maggie
  9092 | D:7      | Reached skill level 9 in Earth Magic
  9374 | D:8      | Reached *** piety under Vehumet
  9414 | D:8      | Found a blossoming altar of Fedhas.
  9737 | D:8      | Noticed a two-headed ogre
  9741 | D:8      | Killed a two-headed ogre
  9742 | D:8      | Reached skill level 10 in Spellcasting
  9742 | D:8      | Reached skill level 10 in Earth Magic
  9742 | D:8      | Reached XP level 10. HP: 50/50 MP: 26/26
 10048 | D:8      | Offered knowledge of Sticky Flame by Vehumet.
 10568 | D:9      | Found a burning altar of Makhleb.
 10570 | D:9      | Got a pitted dagger
 10575 | D:8      | Identified the +5 dagger of Oshobirr {venom, rPois} (You
                  | found it on level 9 of the Dungeon)
 10657 | D:9      | Reached skill level 10 in Conjurations
 10768 | D:9      | Reached skill level 11 in Earth Magic
 10806 | D:9      | Found a staircase to the Lair.
 10824 | D:9      | Reached **** piety under Vehumet
 10841 | D:9      | Offered knowledge of Bolt of Magma by Vehumet.
 10864 | D:9      | Noticed Harold
 11216 | D:9      | Killed Harold
 11217 | D:9      | Reached skill level 12 in Earth Magic
 11234 | D:9      | Found a flagged portal.
 11243 | Bailey   | Entered a bailey
 11243 | Bailey   | Noticed an orc knight
 11244 | Bailey   | Noticed an orc knight
 11287 | Bailey   | Reached XP level 11. HP: 46/54 MP: 12/28
 11290 | Bailey   | Killed an orc knight
 11527 | Bailey   | Noticed an orc knight
 11549 | Bailey   | Killed an orc knight
 11863 | D:9      | Learned a level 5 spell: Bolt of Magma
 12244 | D:10     | Entered Level 10 of the Dungeon
 12368 | D:10     | Noticed a centaur warrior
 12372 | D:10     | Killed a centaur warrior
 12505 | D:10     | Killed an unseen horror
 12506 | D:10     | Reached skill level 1 in Fighting
 12506 | D:10     | Reached skill level 13 in Earth Magic
 12751 | D:10     | Noticed a two-headed ogre
 12756 | D:10     | Killed a two-headed ogre
 13410 | D:10     | Found a runed translucent gate.
 13415 | D:10     | Found a runed translucent gate.
 13415 | D:10     | Found a runed translucent gate.
 13416 | D:10     | Noticed Red As Leokk's ghost (novice TrTm)
 13417 | D:10     | Noticed Verendum's ghost (novice TrMo)
 13417 | D:10     | Noticed ThreePointFourteen's ghost (novice DDFi)
 13709 | D:11     | Reached ***** piety under Vehumet
 13709 | D:11     | Offered knowledge of Freezing Cloud by Vehumet.
 13733 | D:11     | Noticed a two-headed ogre
 13744 | D:11     | Killed a two-headed ogre
 14229 | D:11     | Found a staircase to the Orcish Mines.
 14601 | D:11     | Reached skill level 5 in Dodging
 14860 | D:11     | Noticed a two-headed ogre
 14866 | D:11     | Killed a two-headed ogre
 14935 | D:11     | Reached XP level 12. HP: 64/64 MP: 28/30
 15366 | D:11     | Reached skill level 14 in Earth Magic
 15385 | D:11     | Noticed a fire giant
 15642 | D:12     | Noticed a two-headed ogre
 15654 | D:12     | Killed a two-headed ogre
 15886 | D:12     | Noticed a two-headed ogre
 16074 | D:12     | Noticed Jorgrun
 16081 | D:12     | Killed Jorgrun
 16115 | D:12     | Found a frozen archway.
 16123 | IceCv    | Entered an ice cave
 16530 | IceCv    | Reached skill level 15 in Earth Magic
 17077 | IceCv    | Reached skill level 5 in Fighting
 17135 | IceCv    | Reached XP level 13. HP: 24/72 MP: 4/33
 17436 | IceCv    | Noticed a frost giant
 17445 | IceCv    | Killed a frost giant
 18577 | D:12     | Reached skill level 1 in Armour
 18715 | D:12     | Offered knowledge of Conjure Ball Lightning by Vehumet.
 19106 | D:12     | Reached skill level 16 in Earth Magic
 19794 | D:13     | Noticed Frances
 19906 | Lair:1   | Entered Level 1 of the Lair of Beasts
 20564 | Lair:1   | Reached skill level 15 in Spellcasting
 21174 | Lair:1   | You fall into a shaft and drop 1 floor!
 21317 | Lair:2   | Noticed a dire elephant
 21558 | Lair:2   | Reached XP level 14. HP: 76/80 MP: 10/35
 21564 | Lair:1   | Reached skill level 10 in Dodging
 21953 | Lair:2   | Found a staircase to the Snake Pit.
 21973 | Lair:2   | Found a staircase to the Shoals.
 22456 | Lair:2   | Offered knowledge of Iron Shot by Vehumet.
 23425 | Lair:2   | Learned a level 6 spell: Iron Shot
 23909 | Lair:2   | Reached skill level 5 in Armour
 24672 | Lair:3   | Reached skill level 1 in Shields
 24790 | Lair:3   | Found the amulet of Vitality {Regen+ HP+15}
 27032 | Lair:4   | Identified the Disquisition on Frigorific Confrontation
 27332 | Lair:5   | Found a staircase to the Slime Pits.
 27380 | Lair:5   | Reached XP level 15. HP: 88/88 MP: 20/37
 27629 | Lair:5   | Got a shimmering pewter amulet
 27630 | Lair:5   | Identified the amulet of Mistrust {Regen+ Dex+4} (You found
                  | it on level 5 of the Lair of Beasts)
 28450 | Lair:6   | Entered Level 6 of the Lair of Beasts
 28620 | Lair:6   | Noticed Snorg
 28626 | Lair:6   | Killed Snorg
 29031 | Lair:6   | Learned a level 5 spell: Borgnjor's Vile Clutch
 29038 | Lair:6   | Offered knowledge of Orb of Destruction by Vehumet.
 29292 | Lair:6   | Reached skill level 5 in Shields
 29684 | Lair:6   | Noticed Nessos
 29691 | Lair:6   | Killed Nessos
 31212 | D:4      | Killed Tungsten's ghost
 31350 | D:5      | Killed Mesmaeker13's ghost
 31542 | D:5      | Found Haujiuhak's Gadget Emporium.
 31753 | D:7      | Killed MoonlitKnight's ghost
 31883 | D:10     | Killed Red As Leokk's ghost
 31885 | D:10     | Killed Verendum's ghost
 31890 | D:10     | Killed ThreePointFourteen's ghost
 32069 | D:10     | Learned a level 7 spell: Orb of Destruction
 32122 | D:11     | Killed a fire giant
 32637 | D:13     | Killed Frances
 32745 | D:13     | Noticed Maurice
 32751 | D:13     | Killed Maurice
 33960 | D:14     | Reached ****** piety under Vehumet
 34033 | D:14     | Found Omicouri's Book Shoppe.
 34079 | D:14     | Found a large runed translucent door.
 34079 | D:14     | Found a large runed translucent door.
 34082 | D:14     | Noticed Totusom's ghost (journeyman MiFi)
 34632 | D:14     | Offered knowledge of Irradiate by Vehumet.
 34641 | D:14     | Reached XP level 16. HP: 96/96 MP: 27/39
 34760 | D:14     | Found a gate to the Vaults.
 35245 | D:15     | Entered Level 15 of the Dungeon
 36114 | D:15     | Found a staircase to the Depths.
 36785 | D:15     | Noticed a quicksilver dragon
 36788 | D:15     | Killed a quicksilver dragon
 37433 | Orc:1    | Entered Level 1 of the Orcish Mines
 37826 | Orc:1    | Noticed Nergalle
 37832 | Orc:1    | Killed Nergalle
 37838 | Orc:1    | Offered knowledge of Iskenderun's Battlesphere by Vehumet.
 38237 | Orc:2    | Entered Level 2 of the Orcish Mines
 38707 | Orc:1    | Reached skill level 10 in Fighting
 39593 | Orc:2    | Found a staircase to the Elven Halls.
 39928 | Orc:2    | Found Byhuazof's Antique Armour Boutique.
 39934 | Orc:2    | Offered knowledge of Chain Lightning by Vehumet.
 40038 | Orc:2    | Found an ancient bone altar of Kikubaaqudgha.
 40078 | Orc:2    | Found Maoniah's Distillery.
 40232 | Orc:2    | Found a radiant altar of Vehumet.
 40239 | Orc:2    | Bought a potion of heal wounds for 80 gold pieces
 40239 | Orc:2    | Bought 2 potions of heal wounds for 160 gold pieces
 40239 | Orc:2    | Bought a potion of heal wounds for 80 gold pieces
 40259 | Orc:2    | Found a roughly hewn altar of Beogh.
 40259 | Orc:2    | Found Hof Fic's Book Shop.
 40327 | Orc:2    | Found Linewaf's Book Shop.
 40532 | Orc:2    | Found a roughly hewn altar of Beogh.
 40917 | Elf:1    | Entered Level 1 of the Elven Halls
 41703 | Elf:1    | Reached XP level 17. HP: 82/103 MP: 13/41
 41890 | Elf:1    | Reached skill level 10 in Shields
 42088 | Elf:1    | Cast into level 2 of the Abyss (a deep elf demonologist)
 42093 | Abyss:2  | Got an ancient ring mail
 42098 | Elf:1    | Escaped the Abyss
 42464 | Snake:1  | Entered Level 1 of the Snake Pit
 42686 | Snake:1  | Noticed Roxanne
 42690 | Snake:1  | Killed Roxanne
 43011 | Snake:1  | Found a transporter.
 43285 | Snake:1  | Noticed Josephine
 43287 | Snake:1  | Killed Josephine
 43525 | Snake:1  | Noticed Nimiczen's ghost (adept TrAK)
 43534 | Snake:1  | Found a transporter.
 43535 | Snake:1  | Identified the +3 spear of Gozag's Approval {flame, *Noise
                  | rElec rF+ rC++}
 43741 | Snake:1  | Offered knowledge of Lehudib's Crystal Spear by Vehumet.
 43741 | Snake:1  | Offered knowledge of Shatter by Vehumet.
 43741 | Snake:1  | Offered knowledge of Absolute Zero by Vehumet.
 43813 | Snake:1  | Learned a level 8 spell: Lehudib's Crystal Spear
 43825 | Snake:1  | Learned a level 9 spell: Shatter
 44036 | Snake:1  | Got a heavily runed ring mail
 44049 | Snake:1  | Identified the +0 ring mail of the Valley of Death {rCorr
                  | SInv} (You found it on level 1 of the Snake Pit)
 44059 | Snake:1  | Identified the +0 ring mail of Heitsig {Rampage rF+ Str-3
                  | Int+4} (You found it on level 2 of the Abyss)
 44151 | Snake:2  | Identified Bomitey's Almanac of Conjuration and
                  | Translocation
 44265 | Snake:2  | Found a hide-covered altar of Uskayaw.
 44309 | Snake:2  | You fall into a shaft and drop 1 floor!
 44628 | Snake:3  | Found a glowing silver altar of Zin.
 44941 | Snake:3  | Reached skill level 17 in Earth Magic
 46224 | Snake:3  | Found Adokonya's Distillery.
 46229 | Snake:3  | Bought a potion of heal wounds for 80 gold pieces
 46229 | Snake:3  | Bought a potion of heal wounds for 80 gold pieces
 46229 | Snake:3  | Bought a potion of curing for 48 gold pieces
 46229 | Snake:3  | Bought a potion of curing for 48 gold pieces
 46409 | Snake:4  | Entered Level 4 of the Snake Pit
 46636 | Snake:4  | Noticed Kirke
 46641 | Snake:4  | Killed Kirke
 47154 | Snake:4  | Found Ryin's Jewellery Shop.
 47677 | Snake:4  | Reached XP level 18. HP: 108/108 MP: 31/43
 48536 | Snake:4  | Reached skill level 18 in Earth Magic
 49339 | Snake:4  | Got a serpentine rune of Zot
 50861 | Snake:2  | Noticed Aizul
 50866 | Snake:2  | Killed Aizul
 51391 | Orc:2    | Bought a distressingly furry cloak for 304 gold pieces
 51401 | Orc:2    | Identified the +1 cloak of the Dice {Regen+ Str+3} (You
                  | bought it in a shop on level 2 of the Orcish Mines)
 51719 | Snake:4  | Bought the cursed ring "Guagimi" {rF+ rC- Str+7 Dex-4} for
                  | 200 gold pieces
 51721 | Snake:4  | Bought the ring "Wutock" {+Fly rC- Will+ Str+8 Dex-5} for
                  | 367 gold pieces
 52209 | Elf:1    | Found Xuruyfab's Jewellery Boutique.
 52209 | Elf:1    | Found Jeun's Gadget Shoppe.
 52210 | Elf:1    | Found Unut's Jewellery Boutique.
 52216 | Elf:1    | Bought the ring of Midwinter {Wiz Int+4} for 771 gold
                  | pieces
 52398 | Elf:1    | Identified the Disquisition on Supportive Combat Magic
 53166 | Elf:2    | Noticed Asterion
 53170 | Elf:2    | Killed Asterion
 53281 | Elf:2    | Found a magical portal.
 53318 | WizLab   | Entered The Hall of the Hellbinder
 54008 | WizLab   | Identified the Reference Book on Calling
 54089 | WizLab   | Noticed Bualo
 54124 | WizLab   | Killed Bualo the Hellbinder
 54130 | WizLab   | Reached skill level 19 in Earth Magic
 54532 | WizLab   | Identified the +4 scale mail "Heuwi" {*Contam +Inv Dex+8}
 54631 | WizLab   | Found a burning altar of Makhleb.
 54633 | WizLab   | Found the +1 cloak of Starlight {*Dazzle EV+4 Stlth--}
 54644 | WizLab   | Identified Asmodeus's Grimoire of Calling
 54658 | WizLab   | Identified 2 scrolls of acquirement
 54663 | WizLab   | Got a brightly glowing tin ring
 54665 | WizLab   | Identified the ring of Apnuuc {rC+ rN+} (You found it in a
                  | wizard's laboratory)
 55053 | Elf:2    | Reached XP level 19. HP: 113/113 MP: 43/45
 55503 | Elf:2    | Found a huge runed translucent gate.
 55503 | Elf:2    | Found a huge runed translucent gate.
 55503 | Elf:2    | Found a huge runed translucent gate.
 55517 | Elf:2    | Found a huge runed translucent gate.
 55517 | Elf:2    | Found a huge runed translucent gate.
 55539 | Elf:3    | Entered Level 3 of the Elven Halls
 56942 | Elf:3    | Identified the ring of Feki {Ice rPois}
 57138 | Elf:3    | Reached skill level 20 in Earth Magic
 57246 | Elf:3    | Identified the +1 plate armour of Responsibility {Int+2}
 57265 | Elf:3    | Identified the +1 rapier of the Traitor {flame, rN+ Will+}
 57283 | Elf:3    | Identified the +6 quarterstaff of Goezacy {venom, rF++}
 57605 | Elf:3    | Identified the Compendium of Hubris
 57627 | Elf:3    | Identified the Handbook of Flight
 57936 | Vaults:1 | Entered Level 1 of the Vaults
 58409 | Vaults:1 | Reached XP level 20. HP: 119/119 MP: 46/46
 58649 | Vaults:1 | Found Hurec's Book Shoppe.
 59849 | Vaults:2 | Noticed Nikola
 59853 | Vaults:2 | Killed Nikola
 59913 | Vaults:2 | Reached skill level 15 in Shields
 60028 | Vaults:2 | Reached skill level 21 in Earth Magic
 60874 | Vaults:2 | Found Noesk's General Store.
 62344 | Vaults:3 | Learned a level 7 spell: Spellforged Servitor
 63237 | Vaults:3 | Reached XP level 21. HP: 111/123 MP: 43/48
 63806 | Vaults:3 | Found a staircase to the Crypt.
 64227 | Vaults:4 | Got a fine lead ring
 64237 | Vaults:4 | Reached skill level 22 in Earth Magic
 64277 | Vaults:4 | Found a transporter.
 64315 | Vaults:4 | Found a transporter.
 64794 | Vaults:4 | Noticed Frederick
 64803 | Vaults:4 | Killed Frederick
 65214 | Vaults:4 | Found Quicluat's Antique Weapon Boutique.
 65963 | Vaults:4 | Got a sparkling amber ring
 65981 | Vaults:4 | Identified Further Steps in Theurgy
 65991 | Vaults:4 | Got a sparkling copper ring
 65992 | Vaults:4 | Identified the cursed ring "Irain" {*Corrode Str+8 Int+3
                  | Slay-4} (You found it on level 4 of the Vaults)
 65993 | Vaults:4 | Identified the ring of Koyxijad {+Inv Str+5 Int+6 Dex-2}
                  | (You found it on level 4 of the Vaults)
 65994 | Vaults:4 | Identified the ring "Tupsocy" {rN+ Int-3 Dex+4 SInv} (You
                  | found it on level 4 of the Vaults)
 66111 | Vaults:4 | Reached XP level 22. HP: 130/130 MP: 50/50
 66114 | Vaults:5 | Entered Level 5 of the Vaults
 66137 | Vaults:5 | Reached skill level 23 in Earth Magic
 66141 | Vaults:5 | Reached XP level 23. HP: 74/136 MP: 51/51
 66146 | Vaults:5 | Killed from afar by a quicksilver dragon

Illustrated notes

Levels and vault maps discovered:
D:1:      lightli_arrival_isolated_outpost, layout_loops_ring,
          roderic_serpentine_path
D:2:      layout_basic, gammafunk_temple_overflow_pools
D:3:      layout_loops_corners, corexii_item_surrounded_by_moat
D:4:      layout_loops_corners, gammafunk_temple_overflow_elements,
          gammafunk_ghost_smash
D:5:      layout_loops_cross, serial_shops,
          nicolae_shop_temple_entry_statues_fountains, gammafunk_ghost_icy,
          led_sif_book, uniq_menkaure
D:6:      layout_basic, nzn_overflow_gifts_of_might_and_magic,
          kb_xom_exploding_sheep, minmay_temple_entry_offerings,
          cheibrodos_sewer_entry_bend
D:7:      layout_basic, gammafunk_temple_overflow_statue,
          dancing_weapons_uskayaw, ebering_ghost_rock_garden, uniq_maggie
D:8:      layout_gridville, kennysheep_mini_moat, minmay_diced_spiral
D:9:      layout_cave_pools, bloody_makhleb, dpeg_oklobed_lair, enter_bailey_2,
          uniq_harold
D:10:     layout_roguey, gammafunk_ghost_cemetery, minivault_11
D:11:     layout_basic, erik_orc_2, evilmike_minifort
D:12:     minmay_cornered_nines, layout_basic, portal_ice_cave_demonic_guard,
          minmay_fractal_squares_gapless_7, uniq_jorgrun
D:13:     layout_loops_ring, uniq_maurice, uniq_frances
D:14:     layout_loops_cross, david_vaults_2, ebering_ghost_disaster_area,
          serial_shops, shop, dk_noncrumbling_4,
          hangedman_abyss_or_decor_clamps, minivault_25_ag,
          kennysheep_generic_room_13
D:15:     grunt_enter_depths_magical_seal, layout_long_grid, minivault_5
Temple:   zaba_magenta_temple
Lair:1:   layout_gridlike
Lair:2:   mu_elephants_graveyard, layout_long_grid, elwin_shoals_entry_stream,
          guppyfry_snake_entry_island
Lair:3:   layout_cave_pods
Lair:4:   layout_roguey, serial_bayou_pond_d, ice2_lemuel
Lair:5:   layout_gridlike, minmay_slime_entry_pillars, minmay_lair_oklob_bushes,
          infiniplex_staircase_pool, grunt_megastairs_5
Lair:6:   hangedman_lair_in_review, layout_regular_city, uniq_nessos, uniq_snorg
Snake:1:  layout_concentric_octagons, gammafunk_ghost_arena, uniq_josephine,
          uniq_roxanne
Snake:2:  layout_rooms, basic_altar, nicolae_snake_round_shape_thing,
          st_stairs_5, uniq_aizul
Snake:3:  layout_misc_corridors, serial_shops, nicolae_shop_statue_plus,
          lemuel_oklob_altar, serial_bayou_shore_a
Snake:4:  minmay_snake_end_coiled, layout_cave_town, minmay_shop_grid_forest,
          serial_bayou_lagoon_a, uniq_kirke
Orc:1:    layout_caves, uniq_nergalle
Orc:2:    kennysheep_orc_mage_school, layout_diamond_mine, minmay_orc_temple_b
Elf:1:    eino_elf_arrival_customs, layout_loops_corners, minmay_elf_sorcery,
          minmay_shop_grove
Elf:2:    layout_geoelf_grid, lightli_enter_wizlab_magi_temple, uniq_asterion
Elf:3:    minmay_elf_hall_x, layout_loops_ring
Vaults:1: dpeg_vaults_pockets_of_resistance, nicolae_vaults_yaktaur_gun_rack,
          vaults_room_corners, hangedman_vaults_capsules,
          grunt_vaults_hallway_short, v_misc_29, ontoclasm_vaults_ring_small,
          ontoclasm_vaults_claustrophobia, vaults_mumra_chevron,
          ontoclasm_vaults_decontamination, v_misc_28,
          nicolae_vaults_little_squares_3, vaults_room_corners, v_misc_15,
          layout_vaults_maze_snakey, serial_shops, shop
Vaults:2: hangedman_vaults_pinch, vaults_room_fancy_cross, v_pattern_5,
          st_lines, nicolae_vaults_circle_grid_a, ontoclasm_vaults_chip,
          layout_vaults_omnigrid, serial_shops, nicolae_shop_trees, uniq_nikola
Vaults:3: vaults_dpeg_doors, v_misc_12, nicolae_vaults_border_crossing,
          st_hourglassy, hangedman_vaults_nails, ontoclasm_vaults_misaligned,
          vaults_room_door_ring, ontoclasm_vaults_ligature,
          layout_vaults_big_room
Vaults:4: v_misc_27, vaults_room_fancy_cross, gammafunk_dig_for_victory,
          nicolae_vaults_ring_of_whatevers, vaults_mumra_hexcomb,
          hangedman_vaults_maws, nicolae_vaults_twisting_passages,
          vaults_dpeg_encased_lava, nicolae_vaults_alarming,
          nicolae_vaults_angled_halls, ontoclasm_vaults_loading_screen,
          layout_vaults_omnicross, serial_shops, nicolae_shop_behind_doors,
          uniq_frederick
Vaults:5

Skill      XL: |  1  2  3  4  5  6  7  8  9 10 11 12 13 14 15 16 17 18 19 20 21 22 |
---------------+-------------------------------------------------------------------+-----
Transmutations | 2 |  2.5
Spellcasting   | 4 5 6 8 10 11 12 14 15 16 17 18 19 20 21 22 | 22.8
Earth Magic    | 4 5 6 7 10 12 13 15 16 17 19 20 21 22 23 | 23.1
Conjurations   | 2 3 4 6 8 9 10 12 | 12.5
Fighting       | 3 5 6 8 9 10 11 | 11.8
Dodging        | 5 7 9 11 12 | 12.0
Armour         | 3 5 6 7 |  7.7
Shields        | 3 7 9 11 13 14 15 | 15.0
Stealth        | |  2.4

Action                   |  1- 3 |  4- 6 |  7- 9 | 10-12 | 13-15 | 16-18 | 19-21 | 22-24 || total
-------------------------+-------+-------+-------+-------+-------+-------+-------+-------++-------
Melee: Dagger            |     1 |    35 |       |       |     9 |       |       |       ||    45
       Trident           |       |     1 |    58 |    10 |    54 |   235 |    61 |     1 ||   420
Throw: Throwing net      |       |       |       |       |       |     2 |       |       ||     2
       Stone             |       |       |       |       |       |     1 |       |       ||     1
 Cast: Sandblast         |    62 |    42 |    43 |    83 |    13 |     5 |       |       ||   248
       Stone Arrow       |       |    41 |   110 |   283 |   313 |    24 |       |       ||   771
       Lee's Rapid Decon |       |       |     4 |    58 |   106 |    83 |       |       ||   251
       Blink             |       |       |       |     7 |    10 |     5 |       |       ||    22
       Bolt of Magma     |       |       |       |     4 |     7 |       |       |       ||    11
       Petrify           |       |       |       |     2 |     3 |       |       |       ||     5
       Iron Shot         |       |       |       |       |   273 |   611 |   222 |     4 ||  1110
       Borgnjor's Vile C |       |       |       |       |     3 |    36 |     3 |       ||    42
       Orb of Destructio |       |       |       |       |     1 |    21 |       |       ||    22
       Lehudib's Crystal |       |       |       |       |       |    16 |     1 |       ||    17
       Shatter           |       |       |       |       |       |       |   148 |    19 ||   167
       Spellforged Servi |       |       |       |       |       |       |     4 |       ||     4
Evoke: Wand              |       |       |       |    12 |     8 |    20 |       |       ||    40
       Condenser vane    |       |       |       |       |     1 |       |       |       ||     1
  Use: Scroll            |       |     9 |     6 |    15 |    12 |    12 |     4 |       ||    58
       Potion            |       |       |     2 |     6 |     5 |     2 |     2 |     2 ||    19
 Stab: Sleeping          |       |     2 |     1 |       |       |       |     1 |       ||     4
       Paralysed         |       |       |       |     3 |     9 |       |       |       ||    12
       Petrified         |       |       |       |       |     3 |       |       |       ||     3
Armor: Robe              |     2 |    13 |    11 |       |       |       |       |       ||    26
       Skin              |       |       |     3 |       |       |       |       |       ||     3
       Steam dragon scal |       |       |       |     5 |       |       |       |       ||     5
       Ring mail         |       |       |       |    49 |    83 |   114 |    39 |     1 ||   286
Dodge: Dodged            |     7 |    36 |    44 |    99 |   188 |   234 |    57 |     7 ||   672
Block: Kite shield       |       |       |       |       |    51 |   252 |   111 |     2 ||   416

Table legend: (Time is in decaauts)
 A = Elapsed time spent in this place.
 B = Non-inter-level travel time spent in this place.
 C = Inter-level travel time spent in this place.
 D = Time resting spent in this place.
 E = Time spent auto-exploring this place.
 F = Levels seen in this place.
 G = Mean time per level.
                   A        B        C        D        E       F      G
               +--------+--------+--------+--------+--------+-----+--------+
         Total |  66566 |  62872 |   3694 |  22439 |  30656 |  41 | 1623.6 |
       Dungeon |  24094 |  22084 |   2010 |   7217 |  11435 |  15 | 1606.3 |
        Temple |    131 |    113 |     18 |      0 |    109 |   1 |  131.0 |
          Lair |  11119 |  10579 |    540 |   4412 |   4783 |   6 | 1853.2 |
     Snake Pit |   8828 |   8335 |    493 |   2982 |   4105 |   4 | 2207.0 |
  Orcish Mines |   3578 |   3281 |    297 |   1187 |   1523 |   2 | 1789.0 |
   Elven Halls |   5655 |   5454 |    201 |   1797 |   2757 |   3 | 1885.0 |
        Vaults |   8241 |   8107 |    134 |   2408 |   4592 |   5 | 1648.2 |
         Abyss |      9 |      9 |      0 |      0 |      0 |   1 |    9.0 |
         Sewer |   1280 |   1280 |      0 |    492 |    566 |   1 | 1280.0 |
        Bailey |    499 |    499 |      0 |    352 |     36 |   1 |  499.0 |
      Ice Cave |   1656 |   1656 |      0 |    831 |    425 |   1 | 1656.0 |
        Wizlab |   1472 |   1472 |      0 |    760 |    324 |   1 | 1472.0 |
               +--------+--------+--------+--------+--------+-----+--------+

Top non-repeatable levels by time:
 Snake:4: 3393 daAuts
    D:11: 3255 daAuts
   Elf:1: 2576 daAuts
   Orc:2: 2508 daAuts
  Lair:2: 2469 daAuts
Vaults:1: 2316 daAuts
  Lair:6: 2316 daAuts
    D:12: 2313 daAuts
 Snake:3: 2291 daAuts
Vaults:4: 2224 daAuts
  Lair:1: 2014 daAuts
   Elf:3: 2006 daAuts
Vaults:2: 1955 daAuts
    D:14: 1924 daAuts
     D:4: 1780 daAuts
